 Dungeon Crawl Stone Soup version 0.19-a0-459-gb8ed64d (webtiles) character file.

177 eoe the Skirmisher (level 5, 0/55 HPs)
             Began as a Troll Berserker on June 2, 2016.
             Was a Priest of Trog.
             Slain by a gnoll
             ... wielding a +0 flail
              (6 damage)
             ... on level 3 of the Dungeon.
             The game lasted 00:19:46 (2218 turns).

eoe the Skirmisher (Troll Berserker)                Turns: 2218, Time: 00:19:47

Health: 0/55       AC:  5    Str: 26    XL:     5   Next: 30%
Magic:  0/4        EV: 10    Int:  3    God:    Trog [***...]
Gold:   43         SH:  0    Dex:  9    Spells: 0 memorised, 4 levels left

rFire  . . .     SeeInvis .     p - +3 mace
rCold  + . .     Gourm    +     a - +0 animal skin
rNeg   . . .     Faith    .     (no shield)
rPois  .         Spirit   +     (helmet restricted)
rElec  .         Dismiss  .     (no cloak)
rCorr  .         Reflect  .     (gloves unavailable)
SustAt .         Harm     .     (boots unavailable)
MR     +....                    d - amulet of guardian spirit
Stlth  +.........               u - ring of protection from cold
                                m - ring of protection from magic

@: exhausted, somewhat resistant to hostile enchantments, very unstealthy
A: unfitting armour, claws 3, fast metabolism 3, gourmand, regeneration 2,
shaggy fur 1, tough skin 2
a: Berserk, Trog's Hand, Burn Spellbooks, Renounce Religion


You were on level 3 of the Dungeon.
You worshipped Trog.
Trog was most pleased with you.
You were very hungry.

You visited 1 branch of the dungeon, and saw 3 of its levels.

You collected 43 gold pieces.

Inventory:

Hand Weapons
 k - a +3 dagger
 p - a +3 mace (weapon)
 y - a +2 whip of electrocution
Armour
 a - a +0 animal skin (worn)
Jewellery
 d - an amulet of guardian spirit (around neck)
 m - a ring of protection from magic (left claw)
 u - a ring of protection from cold (right claw)
Wands
 w - a wand of disintegration (11/24)
Scrolls
 e - a scroll of immolation {unknown}
 f - 3 scrolls of amnesia {unknown}
 g - 3 scrolls of remove curse
 i - 2 scrolls of enchant weapon {unknown}
 l - 2 scrolls of teleportation {unknown}
 o - a scroll of recharging {unknown}
 q - a scroll of blinking {unknown}
 s - a scroll of noise {unknown}
 t - 3 scrolls of identify {unknown}
Potions
 c - 3 potions of curing {unknown}
 j - a potion of magic {unknown}
 n - a potion of haste {unknown}
 r - 2 potions of ambrosia {unknown}
 v - a potion of flight {unknown}
 x - a potion of resistance {unknown}
Comestibles
 b - 4 bread rations
 h - 3 fruits
 z - 2 chunks of flesh


   Skills:
 - Level 4.3 Fighting
 + Level 1.7 Maces & Flails
 + Level 2.8 Dodging
 - Level 3.0 Unarmed Combat


You had 4 spell levels left.
You didn't know any spells.

Dungeon Overview and Level Annotations

Branches:
Dungeon (3/15)

Altars:
Gozag
Trog
Zin

Annotations:
D:3 1 runed door


Innate Abilities, Weirdness & Mutations

You are too large for most types of armour.
You have claws for hands.
Your metabolism is lightning-fast.
You like to eat raw meat.
You heal very quickly.
You are covered in fur. (AC +1)
You have very tough skin. (AC +2)


Message History

You see here 2 chunks of flesh.
The gnoll hits you with a whip. The gnoll closely misses you.
The gnoll barely misses you. The gnoll closely misses you.
You are feeling very hungry.
The giant newt hisses menacingly.
The gnoll hits you with a flail! The gnoll closely misses you.
The gnoll hits you from afar with a spear.
* * * LOW HITPOINT WARNING * * *
The gnoll misses you.
The gnoll hits you from afar with a spear.
* * * LOW HITPOINT WARNING * * *
The gnoll hits you but does no damage. The gnoll barely misses you.
The gnoll hits you with a flail!
* * * LOW HITPOINT WARNING * * *
You feel yourself speed up. The gnoll closely misses you.
The gnoll hits you with a flail!
You die...

#####............
#g...........
#.###.####### #g# #.#
#g# #.# ##### #.# #.#
#.... ######g# #.#
#.... #.gl.g.#
#.###....
####@########........
#..........######....
#..........'.#.......
#..........#.#.##....
#..........#.#.#.....
#..........#.#.#.....
#...^......#.#.#.....
############.#.#.....
#.#.#..#.#


You could see 2 gnolls, a goblin and a giant newt.

Vanquished Creatures
  Terence (D:3)
  Robin (D:2)
  A gnoll (D:3)
  3 adders
  4 worms
  2 dart slugs (D:2)
  2 giant geckos (D:3)
  A ball python (D:1)
  8 bats
  4 giant cockroaches
  18 goblins
  9 hobgoblins
  8 jackals
  2 quokkas
  4 giant newts
  9 kobolds
  6 rats
83 creatures vanquished.

Notes
Turn   | Place    | Note
--------------------------------------------------------------
     0 | D:1      | eoe the Troll Berserker began the quest for the Orb.
     0 | D:1      | Reached XP level 1. HP: 22/22 MP: 0/0
   296 | D:1      | Reached XP level 2. HP: 29/29 MP: 1/1
   298 | D:1      | Reached skill level 3 in Fighting
   635 | D:2      | Reached XP level 3. HP: 30/37 MP: 2/2
   879 | D:2      | Found a bloodstained altar of Trog.
   899 | D:2      | Reached ** piety under Trog
  1049 | D:2      | Found an opulent altar of Gozag.
  1174 | D:2      | Reached skill level 4 in Fighting
  1174 | D:2      | Reached XP level 4. HP: 48/48 MP: 3/3
  1532 | D:2      | Noticed Robin
  1536 | D:2      | Reached *** piety under Trog
  1542 | D:2      | Killed Robin
  1542 | D:2      | Reached skill level 1 in Maces & Flails
  1729 | D:3      | Found a glowing silver altar of Zin.
  1729 | D:3      | Noticed an angel
  1730 | D:3      | Found a runed door.
  2142 | D:3      | Reached XP level 5. HP: 55/55 MP: 4/4
  2178 | D:3      | Noticed Terence
  2190 | D:3      | Killed Terence
  2210 | D:3      | HP: 1/55 [gnoll/flail (11)]
  2218 | D:3      | Slain by a gnoll

Vault maps used:
D:1:      lightli_iron_boxes, hangedman_decor_opposing, corexii_leaking_fountain
D:2:      kennysheep_goblin_castle, old_standard_altar, lemuel_crystal_altar,
          first_bread, hangedman_feature_mirror
D:3:      lemuel_angel_altar, uniq_terence

Skill      XL: |  1  2  3  4 |
---------------+-------------+-----
Fighting       | 3 4 |  4.3
Maces & Flails | 1 |  1.7
Dodging        | |  2.8
Unarmed Combat | |  3.0

Action                   |  1- 3 |  4- 6 || total
-------------------------+-------+-------++-------
Melee: Unarmed           |    84 |       ||    84
       Punch             |     1 |     2 ||     3
       Mace              |       |   106 ||   106
Invok: Berserk           |       |     1 ||     1
  Use: Scroll            |       |     2 ||     2
  Eat: Chunk             |     7 |    10 ||    17
       Fruit             |       |     1 ||     1
Armor: Animal skin       |    35 |    46 ||    81
Dodge: Dodged            |    56 |    99 ||   155
